 Dungeon Crawl Stone Soup version 0.32-a0-519-g08f29ac1c3 (webtiles) character file.

Game seed: 646271979858792968

595 AfterTheFire the Grave Robber (level 7, -6/52 HPs)
             Began as a Mummy Necromancer on Feb 27, 2024.
             Mangled by a fire bat (9 damage)
             ... on level 1 of the Abyss.
             The game lasted 00:04:46 (4230 turns).

AfterTheFire the Grave Robber (Mummy Necromancer)   Turns: 4230, Time: 00:04:46

Health: -6/52      AC:  4    Str: 11    XL:     7   Next: 17%
Magic:  14/14      EV: 12    Int: 16    God:
Gold:   150        SH:  0    Dex: 13    Spells: 13/16 levels left

rFire   x . .        f - +1 lajatang
rCold   + . .        (shield currently unavailable)
rNeg    + + +        a - +0 robe
rPois   ∞            (no helmet)
rElec   .            (no cloak)
rCorr   .            k - +0 pair of gloves
SInv    .            j - +0 pair of boots
Will    .....        (no amulet)
Stlth   +            (no ring)
HPRegen 0.28/turn    (no ring)
MPRegen 0.14/turn

%: faith
@: glowing
A: cold resistance 1, negative energy resistance 3, torment resistance 2, heat
vulnerability 1, in touch with death 1, no potions, faith
a: no special abilities


You were on level 1 of the Abyss.
You visited 2 branches of the dungeon, and saw 5 of its levels.
You visited the Abyss 1 time.

You collected 150 gold pieces.

Inventory:

Hand Weapons
 f - a +1 lajatang (weapon)
Armour
 a - a +0 robe (worn)
 j - a +0 pair of boots (worn)
 k - a +0 pair of gloves (worn)
Wands
 c - a wand of quicksilver (13)
 l - a wand of paralysis (10)
Scrolls
 b - 3 scrolls of identify {@r1}


   Skills:
 + Level 3.4 Fighting
 - Level 1.5 Dodging
 + Level 3.7 Stealth
 + Level 5.2 Spellcasting
 + Level 5.5 Necromancy
 + Level 0.8 Translocations


You had 13 spell levels left.
You knew the following spells:

 Your Spells              Type           Power      Damage    Failure   Level
a - Necrotise             Necr           100%       1d9       1%          1
b - Blink                 Tloc           12%        N/A       16%         2

Your spell library contained the following spells:

 Spells                   Type           Power      Damage    Failure   Level
 Vampiric Draining        Necr           32%        2d8       4%          3
 Apportation              Tloc           12%        N/A       11%         1
 Magic Dart               Conj           16%        1d3       16%         1
 Shock                    Conj/Air       16%        1d4       16%         1
 Animate Dead             Necr           32%        N/A       16%         4
 Call Imp                 Summ           8%         N/A       22%         2
 Ensorcelled Hibernation  Hex/Ice        8%         N/A       22%         2
 Jinxbite                 Hex            8%         N/A       22%         2
 Curse of Agony           Necr           32%        N/A       38%         5
 Passwall                 Erth           4%         N/A       41%         3
 Swiftness                Air            4%         N/A       41%         3
 Iskenderun's Mystic Bla  Conj/Tloc      5%         2d3       77%         4
 Alistair's Intoxication  Alch           2%         N/A       99%         5


Dungeon Overview and Level Annotations

Branches:
Dungeon (4/15)             Temple (1/1) D:4

Altars:
Ashenzari
Fedhas
Hepliaklqana
Makhleb
Ru
Sif Muna
Trog
Uskayaw
Vehumet
Xom
Yredelemnul

Shops:
D:2 !


Innate Abilities, Weirdness & Mutations

You are immune to poison.
Your flesh is cold resistant. (rC+)
You are immune to negative energy. (rN+++)
You are immune to unholy pain and torment.
You are vulnerable to heat. (rF-)
You are in touch with the powers of death.
You do not drink.
You have a special connection with the divine. (Faith)


Message History

As you read the scroll labelled XATABBIRGHAERR, it crumbles to dust.
It is a scroll of identify.
You don't currently have any unidentified items.
The ufetubus is engulfed in poison gas.
The ufetubus is poisoned.
The ufetubus barely misses you. The ufetubus misses you.
The ufetubus is engulfed in poison gas.
The ufetubus is poisoned.
The ufetubus is engulfed in poison gas.
The ufetubus is poisoned.
The ynoxinul gestures.
The ophan is engulfed in poison gas.
The ophan looks as sick as possible!
Unknown command.
A fire bat comes into view.
The ufetubus is engulfed in poison gas.
The ufetubus looks even sicker.
You kill the ufetubus!
The ufetubus disappears in a puff of smoke!
The ufetubus is engulfed in poison gas.
The ufetubus looks even sicker.
The ufetubus attacks as it pursues you! The ufetubus barely misses you.
The ufetubus misses you.
The ufetubus is engulfed in poison gas.
The ufetubus looks even sicker.
The ufetubus is engulfed in poison gas.
The ufetubus is poisoned.
The ophan is engulfed in poison gas.
The ophan looks as sick as possible!
The ynoxinul gestures.
The starcursed mass shrieks in your mind.
* * * LOW HITPOINT WARNING * * *
The fire bat is engulfed in poison gas.
The fire bat is poisoned.
You kill the ufetubus!
The ufetubus disappears in a puff of smoke!
The fire bat is engulfed in poison gas.
The fire bat looks even sicker.
The ufetubus is engulfed in poison gas.
The ufetubus looks even sicker.
You kill the ufetubus!
The ufetubus disappears in a puff of smoke!
The ufetubus is engulfed in poison gas.
The ufetubus looks even sicker.
You kill the ufetubus!
The ufetubus disappears in a puff of smoke!
The fire bat is engulfed in poison gas.
The fire bat looks even sicker.
The ufetubus is engulfed in poison gas.
The ufetubus is poisoned.
A starcursed mass splits.
The fire bat looks as sick as possible!
The fire bat bites you.
* * * LOW HITPOINT WARNING * * *
You are engulfed in flames!
The fire burns you terribly!
You die...

#. . .#.##. #
..#.. .# # ...#
§.. #. 3.#
#####§§.# #§##.#
#.#§§☼§#
#☼§3####.§☼☼# .
#.##§§§§##@§#☼§§#
#.§§5X§G☼☼b§§#
##§§§§####§§☼§#
#§..## #.§##§§.
#...# ##.§# #.#
#... #.§# . ##.#
§.# .. ##. .# ..


You could see a starcursed mass, an ophan (extremely poisoned), a fire bat
(extremely poisoned) and an ufetubus (summoned, poisoned).

Vanquished Creatures
  Sigmund (D:3)
  An ogre (D:4)
  A scorpion (D:2)
  An orc priest (D:4)
  An iguana (D:4)
  Natasha (thrice) (D:3)
  2 orc wizards (D:3)
  3 adders
  A ribbon worm (D:3)
  2 dart slugs
  7 orcs (D:3)
  6 endoplasms
  3 giant cockroaches
  3 goblins
  4 hobgoblins
  5 quokkas
  6 ball pythons
  2 bats
  3 frilled lizards
  6 kobolds
  8 rats
69 creatures vanquished.

Vanquished Creatures (collateral kills)
  An adder (D:3)
  2 dart slugs (D:2)
  2 rats
5 creatures vanquished.

Grand Total: 74 creatures vanquished

Notes
Turn   | Place    | Note
-------+----------+-------------------------------------------
     0 | D:1      | AfterTheFire the Mummy Necromancer began the quest for the
                  | Orb.
     0 | D:1      | Reached XP level 1. HP: 13/13 MP: 4/4
   243 | D:1      | Reached XP level 2. HP: 20/20 MP: 3/5
   878 | D:2      | Reached skill level 1 in Fighting
  1203 | D:2      | Reached XP level 3. HP: 25/26 MP: 1/7
  1732 | D:2      | Found Juskicac's Distillery.
  1813 | D:3      | Reached XP level 4. HP: 16/32 MP: 1/9
  1992 | D:3      | Noticed Natasha
  1995 | D:3      | Killed Natasha
  2024 | D:3      | Noticed a scorpion
  2104 | D:2      | Killed a scorpion
  2105 | D:2      | Reached XP level 5. HP: 24/39 MP: 3/11
  2256 | D:3      | Noticed Natasha
  2371 | D:3      | Killed Natasha
  2402 | D:3      | Noticed Sigmund
  2411 | D:3      | Killed Sigmund
  2412 | D:3      | Reached skill level 5 in Necromancy
  2412 | D:3      | Reached XP level 6. HP: 28/47 MP: 4/13
  2884 | D:3      | Noticed Natasha
  2890 | D:3      | Killed Natasha
  2891 | D:3      | Reached skill level 5 in Spellcasting
  3088 | D:3      | Learned a level 2 spell: Blink
  3127 | D:4      | Found a staircase to the Ecumenical Temple.
  3137 | Temple   | Entered the Ecumenical Temple
  3202 | D:4      | Got the Tome of Atmospheric Correspondence
  3462 | D:4      | Reached XP level 7. HP: 29/52 MP: 5/14
  4176 | Abyss:1  | Cast into level 1 of the Abyss (orc wizard)
  4201 | Abyss:1  | Noticed a ynoxinul
  4220 | Abyss:1  | Noticed an ophan
  4227 | Abyss:1  | Noticed a starcursed mass
  4229 | Abyss:1  | Noticed a fire bat
  4230 | Abyss:1  | Mangled by a fire bat

Illustrated notes

Levels and vault maps discovered:
D:1:      minmay_arrival_four_loops, layout_basic
D:2:      layout_loops_ring, serial_shops, nicolae_shop_pleasant_corner_grove
D:3:      layout_loops_cross, kennysheep_generic_room_16, uniq_sigmund,
          uniq_natasha
D:4:      layout_layer_cave, minmay_temple_entry_stoned_glass, kennysheep_boxes
Temple:   eino_temple_water
Abyss:1:  base: D:1, evilmike_abyss_exit_3

Skill      XL: |  1  2  3  4  5  6 |
---------------+-------------------+-----
Spellcasting   | 3 4 5 |  5.2
Fighting       | 1 2 3 |  3.4
Stealth        | 2 3 |  3.7
Necromancy     | 5 |  5.5
Dodging        | |  1.5
Translocations | |  0.8

Action                     |  1- 3 |  4- 6 |  7- 9 || total
---------------------------+-------+-------+-------++-------
  Melee: Unarmed           |     5 |       |       ||     5
   Cast: Necrotise         |    64 |    88 |     8 ||   160
    Use: Scroll            |       |       |     8 ||     8
 Armour: Robe              |    12 |    14 |     5 ||    31
  Dodge: Dodged            |    18 |    19 |     5 ||    42
         Repelled          |       |       |     1 ||     1

Table legend: (Time is in decaauts)
 A = Elapsed time spent in this place.
 B = Non-inter-level travel time spent in this place.
 C = Inter-level travel time spent in this place.
 D = Time resting spent in this place.
 E = Time spent auto-exploring this place.
 F = Levels seen in this place.
 G = Mean time per level.
                   A        B        C        D        E       F      G
               +--------+--------+--------+--------+--------+-----+--------+
         Total |   4232 |   4092 |    140 |    276 |   3291 |   6 |  705.3 |
       Dungeon |   4141 |   4037 |    104 |    276 |   3291 |   4 | 1035.2 |
        Temple |     37 |      1 |     36 |      0 |      0 |   1 |   37.0 |
         Abyss |     53 |     53 |      0 |      0 |      0 |   1 |   53.0 |
               +--------+--------+--------+--------+--------+-----+--------+

Top non-repeatable levels by time:
     D:3: 1319 daAuts
     D:2: 1118 daAuts
     D:4: 901 daAuts
     D:1: 802 daAuts
 Abyss:1: 53 daAuts
  Temple: 37 daAuts
